 Dungeon Crawl Stone Soup version 0.15.0-29-ga8e3430 (webtiles) character file.

140 Kold the Ducker (level 5, -3/25 HPs)
             Began as a Felid Chaos Knight on Sept 12, 2014.
             Was a Plaything of Xom.
             Slain by a gnoll (8 damage)
             ... on Level 2 of the Dungeon.
             The game lasted 00:05:28 (2975 turns).

Kold the Ducker (Felid Chaos Knight)                Turns: 2975, Time: 00:05:28

HP  -3/25        AC  1     Str  8      XL: 5   Next:  2%
MP   8/8         EV 20     Int 13      God: Xom
Gold 94          SH  0     Dex 17      Spells:  0 memorised,  4 levels left
Lives: 0, deaths: 1

rFire  . . .     SeeInvis +       - Unarmed
rCold  . . .     Clarity  .     (armour unavailable)
rNeg   . . .     rCorr    .     (shield unavailable)
rPois  .         rRot     .     (helmet unavailable)
rElec  .         Spirit   .     (cloak unavailable)
SustAb .         Warding  .     (gloves unavailable)
rMut   .         Stasis   .     (boots unavailable)
Gourm  .                        (no amulet)
MR     .....                    (no ring)
                                (no ring)

@: quick, not resistant to hostile enchantments, fairly stealthy
A: paw claws, no armour, no weapons or thrown items, fangs 3, see invisible,
carnivore 3, speed 1, shaggy fur 1, slow metabolism 1, jump 1
a: Jump Attack, Renounce Religion


You were on level 2 of the Dungeon.
You worshipped Xom.
You were a favourite toy of Xom.
You were completely stuffed.

You visited 1 branch of the dungeon, and saw 3 of its levels.

You collected 94 gold pieces.

Inventory:

Comestibles
 c - a meat ration
 f - 2 beef jerkies
Scrolls
 b - a scroll of identify {unknown}
 e - 2 scrolls of recharging {unknown}
 g - a scroll of remove curse {unknown}
 h - a scroll of enchant weapon {unknown}
Jewellery
 d - a cursed ring of teleportation {unknown}
Potions
 a - a potion of brilliance
 i - a potion of poison {unknown}


   Skills:
 + Level 4.2 Fighting
 + Level 5.2 Dodging
 - Level 4.0 Stealth
 - Level 3.0 Unarmed Combat


You had 4 spell levels left.
You didn't know any spells.

Dungeon Overview and Level Annotations

Branches:
Dungeon (3/15)

Altars:
Zin


Innate Abilities, Weirdness & Mutations

You cannot wear armour.
You are incapable of wielding weapons or throwing items.
Your paws have sharp claws.
You have razor-sharp teeth.
You have supernaturally acute eyesight.
You are carnivorous and can eat meat at any time.
You cover ground quickly.
You are covered in fur (AC +1).
You have a slow metabolism.
You can jump attack at a short distance.


Message History

The gnoll is heavily wounded.
The gnoll misses you.
You closely miss the gnoll.
The gnoll is heavily wounded.
The gnoll barely misses you.
You scratch the gnoll.
The gnoll is almost dead.
The gnoll misses you.
You closely miss the gnoll.
The gnoll is almost dead.
You feel less exhausted. The gnoll closely misses you.
You scratch the gnoll.
You kill the gnoll!
You have reached level 5!
You feel agile. The gnoll hits you!
* * * LOW HITPOINT WARNING * * *
You closely miss the gnoll. The gnoll hits you!
You die...

#§#######§#######...###.........
#§# #...§.............>.##.###.#
#§# #.###§########.#######.###.#
#§###.###.# #.# #...#.#
#.§§......# ##'## #.#...#
#####§##### ##...## #...###
#.#### ##.....## #......
###.§..## ##.......## ##..###
#.......####)@g......####...##
#.#........'.).......)........
#.###...####.........####.....
#.###..## ##.......## ##.##.
#.....## ##.....## #.... ###.###
##...## ######## #.# ##'##
#....... #§#
######.#######...#.. #§#
#...................


You could see a gnoll.

Vanquished Creatures
  A scorpion (D:2)
  6 adders
  2 gnolls (D:2)
  2 giant geckos
  2 oozes
  2 orcs (D:3)
  6 goblins
  7 hobgoblins
  4 jackals
  A quokka (D:2)
  7 bats
  4 giant cockroaches
  A giant newt (D:1)
  4 kobolds
  8 rats
57 creatures vanquished.

Notes
Turn   | Place    | Note
--------------------------------------------------------------
     0 | D:1      | Kold, the Felid Chaos Knight, began the quest for the Orb.
     0 | D:1      | Reached XP level 1. HP: 10/10 MP: 2/2
    29 | D:1      | Reached skill level 1 in Stealth
   173 | D:1      | XOM: silly message
   181 | D:1      | Reached XP level 2. HP: 12/14 MP: 3/3
   243 | D:1      | XOM: harmless Conj miscast
   933 | D:1      | XOM: harmless Pois miscast
   945 | D:1      | XOM is BORED!
   945 | D:1      | XOM: silly message
  1037 | D:2      | Reached skill level 4 in Stealth
  1037 | D:2      | Reached XP level 3. HP: 14/17 MP: 5/5
  1040 | D:2      | XOM: harmless Divn miscast
  1403 | D:3      | XOM: silly message
  1479 | D:3      | XOM: divination: detect creatures
  1485 | D:3      | Reached XP level 4. HP: 11/21 MP: 7/7
  1666 | D:3      | HP: 1/21 [orc wizard/dagger (4)]
  1667 | D:3      | Slain by an orc
  1668 | D:3      | Reached XP level 3. HP: -2/17 MP: 5/5
  2104 | D:2      | XOM: divination: detect creatures
  2112 | D:2      | Found a glowing silver altar of Zin.
  2277 | D:2      | XOM: harmless Erth miscast
  2315 | D:2      | XOM: medium Conj miscast
  2436 | D:2      | XOM: divination: magic mapping
  2441 | D:2      | XOM: colour smoke trail
  2537 | D:2      | Reached XP level 4. HP: 18/22 MP: 7/7
  2580 | D:2      | Noticed a scorpion
  2595 | D:2      | Killed a scorpion
  2658 | D:2      | XOM: scenery: 1 doors close
  2902 | D:2      | XOM: colour smoke trail
  2963 | D:2      | Reached skill level 5 in Dodging
  2974 | D:2      | Reached XP level 5. HP: 13/25 MP: 8/8
  2975 | D:2      | Slain by a gnoll

Action                   |  1- 3 |  4- 6 || total
-------------------------+-------+-------++-------
Melee: Unarmed           |   180 |    45 ||   225
 Abil: Jump Attack       |     4 |     2 ||     6
  Use: Potion            |       |     2 ||     2
 Stab: Sleeping          |     5 |     1 ||     6
  Eat: Chunk             |    15 |     2 ||    17
